 Dungeon Crawl Stone Soup version 0.31-a0-700-gf13585253f (webtiles) character file.

Game seed: 54028318985072396

9514703 Sirjeffry24 the Conqueror (level 27, 249/249 HPs)
             Began as a Demonspawn Fighter on Sept 3, 2023.
             Was a High Priest of Yredelemnul.
             Escaped with the Orb
             ... and 10 runes on Sept 7, 2023!
             The game lasted 03:40:24 (75357 turns).

Sirjeffry24 the Conqueror (Demonspawn Fighter)     Turns: 75357, Time: 03:40:24

Health: 249/249    AC: 41    Str: 29    XL:     27
Magic:  40/40      EV:  9    Int:  9    God:    Yredelemnul [*****.]
Gold:   10641      SH: 33    Dex: 15    Spells: 26/26 levels left

rFire   + + .        c - +8 demon trident (spect)
rCold   + . .        i - +8 tower shield
rNeg    + . .        Y - +7 plate armour of the Fife {rC+}
rPois   +            V - +0 helmet "Ronnyfa" {rElec rPois Slay+2}
rElec   +            (cloak unavailable)
rCorr   +            U - +2 pair of gloves "Cotoz" {Contam rPois Regen+ SInv}
SInv    +            W - +2 pair of boots {rampage}
Will    +++++        z - amulet of Vitality {RegenMP++ Regen++} Stlth
                     D - ring of the Evening {Fly rF+ Will+ Dex+2}
HPRegen 3.01/turn    P - ring "Usehoj" {rPois rN+ Will+ rCorr}
MPRegen 1.07/turn

%: rampage
@: flying, studying 3 skills
A: molten scales 3, demonic guardian 3, hurl damnation, spiny 3, torment
resistance 1, demonic willpower, weakness stinger 3, dopey 1, poison resistance,
screaming 1, wild magic 1, MP-powered wands
0: Orb of Zot
}: 10/15 runes: serpentine, barnacled, silver, obsidian, abyssal, demonic,
glowing, magical, fiery, dark
a: Hurl Damnation, Renounce Religion, Recall Undead Harvest, Dark Bargain, Drain
Life, Bind Soul


You escaped.
You worshipped Yredelemnul.
Yredelemnul was exalted by your worship.
You visited 14 branches of the dungeon, and saw 60 of its levels.
You visited Pandemonium 1 time, and saw 14 of its levels.
You visited the Abyss 3 times.
You visited 1 bazaar.
You also visited: Ossuary, Bailey, Volcano and Wizlab.

You collected 13654 gold pieces.
You spent 3013 gold pieces at shops.

Inventory:

Hand Weapons
 c - a +8 spectral demon trident (weapon)
Missiles
 K - 6 throwing nets
Armour
 i - a +8 tower shield (worn)
 p - a +2 tower shield of resistance
 U - the +2 pair of gloves "Cotoz" (worn) {Contam rPois Regen+ SInv}
   (You acquired it on level 4 of the Snake Pit)

   rPois:     It protects you from poison SInv: It lets you see invisible.
   Contam:    It causes magical contamination when unequipped.
   Regen+:    It increases your rate of health regeneration.
 V - the +0 helmet "Ronnyfa" (worn) {rElec rPois Slay+2}
   (You found it on level 3 of the Elven Halls)

   Slay+2:    It affects your accuracy & damage with ranged weapons and melee
   (+2).
   rElec:     It insulates you from electricity.
   rPois:     It protects you from poison
 W - a +2 pair of boots of rampaging (worn)
 Y - the +7 plate armour of the Fife (worn) {rC+}
   (You bought it in a shop on level 2 of the Orcish Mines)

   rC+:       It protects you from cold.
Jewellery
 z - the amulet of Vitality (around neck) {RegenMP++ Regen++}
   (You found it on level 4 of the Snake Pit)

   [amulet of magic regeneration]

   RegenMP:   It increases your rate of magic regeneration.
   Regen++:   It increases your rate of health regeneration.
 D - the ring of the Evening (left hand) {Fly rF+ Will+ Dex+2}
   (You acquired it on level 1 of the Elven Halls)

   [ring of flight]

   Dex+2:     It affects your dexterity (+2).
   rF+:       It protects you from fire.
   Will+:     It increases your willpower.
   Fly:       It grants you flight.
 P - the ring "Usehoj" (right hand) {rPois rN+ Will+ rCorr}
   (You found it on level 5 of the Lair of Beasts)

   [ring of positive energy]

   rPois:     It protects you from poison rN+: It protects you from negative
   energy.
   Will+:     It increases your willpower.
   rCorr:     It protects you from acid and corrosion.
 Z - an amulet of regeneration
Wands
 a - a wand of charming (86)
 e - a wand of acid (78)
 n - a wand of mindburst (46)
 q - a wand of polymorph (41)
 s - a wand of digging (39)
 x - a wand of flame (89)
 L - a wand of iceblast (79)
Scrolls
 b - 9 scrolls of vulnerability
 g - 10 scrolls of immolation
 j - 22 scrolls of teleportation
 l - 10 scrolls of blinking
 o - 3 scrolls of summoning
 t - 8 scrolls of fear
 v - 9 scrolls of amnesia
 y - 2 scrolls of silence
 A - 14 scrolls of poison
 C - 11 scrolls of fog
 E - 3 scrolls of torment
 I - a scroll of enchant weapon
 T - 4 scrolls of revelation
Potions
 d - 5 potions of might
 f - 9 potions of magic
 h - 13 potions of heal wounds
 k - 28 potions of curing
 m - 7 potions of attraction
 r - 9 potions of enlightenment
 u - 17 potions of haste
 w - 8 potions of lignification
 B - 7 potions of cancellation
 F - 4 potions of resistance
 H - 10 potions of brilliance
 M - 4 potions of invisibility
 N - 6 potions of ambrosia
 X - 4 potions of berserk rage
Miscellaneous
 J - a lightning rod (4/4)
 O - a box of beasts
 Q - the horn of Geryon
 R - a phial of floods
 S - a phantom mirror


   Skills:
 O Level 27 Fighting
 + Level 23.6 Polearms
 * Level 22.4 Armour
 + Level 26.6 Shields
 * Level 10.2 Translocations
 O Level 27 Invocations
 * Level 12.2 Evocations


You had 26 spell levels left.
You didn't know any spells.
Your spell library contained the following spells:

 Spells                   Type           Power      Damage    Failure   Level
 Apportation              Tloc           48%        N/A       4%          1
 Blink                    Tloc           48%        N/A       6%          2
 Lesser Beckoning         Tloc           48%        N/A       6%          2
 Gell's Gravitas          Tloc           24%        N/A       11%         3
 Teleport Other           Tloc           24%        N/A       11%         3
 Manifold Assault         Tloc           24%        N/A       30%         4
 Passage of Golubria      Tloc           24%        N/A       30%         4
 Momentum Strike          Conj/Tloc      24%        3d8       36%         2
 Portal Projectile        Hex/Tloc       24%        N/A       58%         3
 Foxfire                  Conj/Fire      0%         2x1d4     88%         1
 Kiss of Death            Conj/Necr      0%         2d5       88%         1
 Magic Dart               Conj           0%         1d3       88%         1
 Necrotise                Necr           0%         1d4       88%         1
 Shock                    Conj/Air       0%         1d3       88%         1
 Summon Small Mammal      Summ           0%         N/A       88%         1
 Vhi's Electric Charge    Tloc/Air       24%        N/A       92%         4
 Cigotuvi's Dreadful Rot  Necr/Pois/Air  0%         N/A       96%         2
 Ensorcelled Hibernation  Hex/Ice        0%         N/A       96%         2
 Passwall                 Tmut/Erth      0%         N/A       96%         2
 Poisonous Vapours        Pois/Air       0%         N/A       96%         2
 Scorch                   Fire           0%         2d5       96%         2
 Searing Ray              Conj           0%         2d4       96%         2
 Sublimation of Blood     Necr           0%         N/A       96%         2
 Wereblood                Tmut           0%         N/A       96%         2
 Call Canine Familiar     Summ           0%         N/A       99%         3
 Confusing Touch          Hex            0%         N/A       99%         3
 Dazzling Flash           Conj/Hex       0%         N/A       99%         3
 Frozen Ramparts          Ice            0%         1d1       99%         3
 Hailstorm                Conj/Ice       0%         3d3       99%         3
 Ignite Poison            Fire/Tmut/Pois 0%         N/A       99%         3
 Inner Flame              Hex/Fire       0%         N/A       99%         3
 Mephitic Cloud           Conj/Pois/Air  0%         N/A       99%         3
 Ozocubu's Armour         Ice            0%         N/A       99%         3
 Swiftness                Air            0%         N/A       99%         3
 Summon Forest            Summ/Tloc      6%         N/A       99%         5
 Dispersal                Tloc           12%        N/A       99%         6
 Airstrike                Air            0%         2d(0-16)  100%        4
 Animate Armour           Summ/Erth      0%         N/A       100%        4
 Dispel Undead            Necr           0%         3d6       100%        4
 Flame Wave               Conj/Fire      0%         2d4       100%        4
 Fulminant Prism          Conj/Hex       0%         3d5       100%        4
 Leda's Liquefaction      Hex/Erth       0%         N/A       100%        4
 Olgreb's Toxic Radiance  Pois           0%         N/A       100%        4
 Petrify                  Tmut/Erth      0%         N/A       100%        4
 Sticky Flame             Conj/Fire      0%         2d3       100%        4
 Summon Ice Beast         Ice/Summ       0%         N/A       100%        4
 Summon Lightning Spire   Summ/Air       0%         N/A       100%        4
 Agony                    Necr           0%         N/A       100%        5
 Arcjolt                  Conj/Air       0%         1d10      100%        5
 Fireball                 Conj/Fire      0%         3d3       100%        5
 Freezing Cloud           Conj/Ice/Air   0%         6-21      100%        5
 Irradiate                Conj/Tmut      0%         3d11      100%        5
 Iskenderun's Battlesphe  Conj           0%         2d6       100%        5
 Lee's Rapid Deconstruct  Erth           0%         3d4*      100%        5
 Metabolic Englaciation   Hex/Ice        0%         N/A       100%        5
 Silence                  Hex/Air        0%         N/A       100%        5
 Summon Mana Viper        Hex/Summ       0%         N/A       100%        5
 Yara's Violent Unravell  Hex/Tmut       0%         3d3       100%        5
 Conjure Ball Lightning   Conj/Air       0%         3x3d6     100%        6
 Eringya's Noxious Bog    Tmut/Pois      0%         4d6       100%        6
 Leda's Unmaking          Conj/Erth      0%         9d1       100%        6
 Plasma Beam              Fire/Air       0%         2x1d10    100%        6
 Starburst                Conj/Fire      0%         6d3       100%        6
 Summon Cactus Giant      Summ           0%         N/A       100%        6
 Haunt                    Necr/Summ      0%         N/A       100%        7
 Monstrous Menagerie      Summ           0%         N/A       100%        7
 Orb of Destruction       Conj           0%         9d5       100%        7
 Ozocubu's Refrigeration  Ice            0%         4d7       100%        7
 Spellforged Servitor     Conj/Summ      0%         N/A       100%        7
 Summon Hydra             Summ           0%         N/A       100%        7
 Discord                  Hex            0%         N/A       100%        8
 Disjunction              Tloc           12%        N/A       100%        8
 Ignition                 Fire           0%         3d3       100%        8
 Infestation              Necr           0%         N/A       100%        8
 Lehudib's Crystal Spear  Conj/Erth      0%         10d2      100%        8
 Chain Lightning          Conj/Air       0%         N/A       100%        9
 Polar Vortex             Ice            0%         N/A       100%        9
 Animate Dead             Necr           Unusable   N/A       N/A         4
 Death Channel            Necr           Unusable   N/A       N/A         6
 Simulacrum               Ice/Necr       Unusable   N/A       N/A         6

Dungeon Overview and Level Annotations

Branches:
Dungeon (15/15)            Temple (1/1) D:6            Lair (5/5) D:11
 Shoals (4/4) Lair:3        Snake (4/4) Lair:3        Slime (0/5) Lair:4
    Orc (2/2) D:10            Elf (3/3) Orc:2        Vaults (5/5) D:13
  Crypt (3/3) Vaults:3       Tomb (1/3) Crypt:3      Depths (4/4) D:15
   Hell (visited)             Dis (0/7) Hell            Geh (7/7) Hell
    Coc (0/7) Hell            Tar (0/7) Hell            Zot (5/5) Depths:4
Ossuary (visited)          Bailey (visited)         Volcano (visited)
 WizLab (visited)

Altars:
Ashenzari
Cheibriados
Dithmenos
Fedhas
Gozag
Hepliaklqana
Kikubaaqudgha
Makhleb
Nemelex Xobeh
Okawaru
Qazlal
Ru
Sif Muna
Trog
Uskayaw
Vehumet
Wu Jian
Xom
Yredelemnul
Jiyva

Shops:
D:7 (   D:14 ([   Orc:2 *![*!   Elf:3 [   Shoals:3 [   Snake:1 !   Vaults:1 *
Vaults:3 :?:(   Vaults:4 :   Depths:3 !   Depths:4 *

Portals:
Hell: Depths:1 Depths:2 Depths:3 Depths:4
Abyss: Depths:2 Depths:3
Pandemonium: Depths:2
Ziggurat: Depths:4
Bazaar: Vaults:2
Trove: D:10 (give +3 shadow dragon scales)

Annotations:
D:12 3 runed translucent doors
Geh:7 Serpent of Hell


Innate Abilities, Weirdness & Mutations

You are completely covered in molten scales. (AC +4, rF+)
A powerful demonic guardian rushes to your aid.
You can hurl damnation.
You are completely covered in sharp spines.
You are resistant to unholy torment.
You punish those that try to bend your will. (Will+)
You have a sharp stinger which inflicts weakening toxins.
You are dopey. (Int -2)
Your system is resistant to poisons. (rPois)
You occasionally shout uncontrollably at your foes.
Your spells are a little harder to cast, but a little more powerful.
You expend magic power (3 MP) to strengthen your wands.


Message History

Your spectral sun demon is destroyed!
Unknown command.
Your spectral sun demon hits the Brimstone Fiend but does no damage.
Asmodeus closely misses the Brimstone Fiend.
Your spectral blizzard demon hits the Brimstone Fiend but does no damage. x2
Your spectral sun demon barely misses the Brimstone Fiend.
The Brimstone Fiend hits your spectral blizzard demon!
The Brimstone Fiend hits your spectral blizzard demon.
The Brimstone Fiend barely misses your spectral blizzard demon.
Your spectral sun demon hits the Brimstone Fiend.
Asmodeus hits the Brimstone Fiend with the +13 sceptre of Asmodeus!!
Your spectral sun demon hits the Brimstone Fiend but does no damage.
Your spectral blizzard demon hits the Brimstone Fiend.
Your spectral blizzard demon hits the Brimstone Fiend but does no damage.
The Brimstone Fiend hits your spectral sun demon.
The Brimstone Fiend hits your spectral sun demon but does no damage.
The Brimstone Fiend barely misses your spectral sun demon.
You swap places.
Asmodeus hits the Brimstone Fiend but does no damage.
Your spectral sun demon hits the Brimstone Fiend but does no damage.
Your spectral blizzard demon hits the Brimstone Fiend but does no damage.
Your spectral blizzard demon hits the Brimstone Fiend.
The Brimstone Fiend dies!
There is an open door here.
There is an open door here.
There is an open door here.
There is an open door here.
There is an open door here.
There is an open door here.
There is a staircase leading out of the dungeon here.
You swap places.
There is an open door here.
You swap places.
There is an open door here.
There is a staircase leading out of the dungeon here.
You begin recalling your allies.
Your spectral blizzard demon is recalled.
You finish recalling your allies.
Magic restored.
You have escaped!

......................>.#
.##...##................#
.##...####..###.........#
......# ##.## ########.##
......###..# ####...##.########
......#...####..#...##........#
.....##......#ZZ'ZZ.#########.#
..#..........#Z####'#########.#
.).#.........#ZZ@#.....#...##.#
...#....#'########.Z...#.#.##.#
...#....#......Z.#..8..#.#..#.#
.###....#.....Z..Z.....#.####.#
.###..>.#........#.....#......#
.....#.##........#.....#.######
.....#.##........####'##.#
.....#.##........# #....#
.....#.##.......)# ######


You could see a friendly spectral blizzard demon, a friendly spectral sun demon
and the friendly Asmodeus the bound soul.

Vanquished Creatures
  Cerebov (Pan)
  A seraph (Pan)
  Lom Lobon (Pan)
  5 ancient liches
  2 dread liches
  4 juggernauts
  Boris (Crypt:1)
  2 royal mummies (Tomb:1)
  4 Killer Klowns (Zot:5)
  5 pandemonium lords
  Frederick (Depths:3)
  4 golden dragons
  A caustic shrike (Depths:3)
  2 curse toes
  The ghost of Yptir the Protected, an adept AtFE of Vehumet (Vaults:1)
  2 bone dragons
  2 pearl dragons (Pan)
  A doom hound (Crypt:1)
  6 Brimstone Fiends
  12 hellephants
  8 tentacled monstrosities
  6 liches
  2 Ice Fiends
  4 electric golems
  2 walking crystal tomes (Depths:3)
  2 Hell Sentinels
  12 Orb Guardians
  An acid blob (Zot:4)
  17 searing wretches
  4 titans (Vaults:5)
  A deep elf master archer (Elf:3)
  8 sphinxes
  A walking earthen tome (Depths:3)
  3 ancient champions
  4 quicksilver dragons
  11 Executioners (Pan)
  5 death cobs
  A sphinx (shapeshifter) (Vaults:5)
  3 tentacled starspawn (Abyss:3)
  5 tengu reavers
  7 shadow dragons
  12 daevas
  A shadow dragon (shapeshifter) (Vaults:5)
  9 storm dragons
  3 draconian monks
  5 draconian knights
  22 fire giants
  2 demonspawn warmongers (Pan)
  4 deep elf sorcerers
  2 emperor scorpions (shapeshifter)
  4 iron dragons
  27 balrugs
  A fenstrider witch (shapeshifter) (Zot:4)
  3 frost giants
  5 vault wardens
  4 deep elf elementalists
  3 draconian stormcallers
  3 curse skulls
  22 angels (Pan)
  4 draconian shifters
  3 draconian scorchers
  2 orc warlords
  10 cacodemons (Pan)
  3 demonspawn corrupters (Pan)
  A war gargoyle (Vaults:5)
  15 ironbound preservers
  5 reapers
  13 ophanim
  6 draconian annihilators
  A demonspawn blood saint (Pan)
  13 very ugly things
  8 vampire knights
  21 apis (Pan)
  6 ironbound thunderhulks
  20 stone giants
  4 starflowers (Abyss:3)
  3 formless jellyfish
  3 deep elf demonologists
  5 black draconians
  12 lorocyprocas
  An elemental wellspring (Hell)
  5 dire elephants
  9 green draconians
  4 yellow draconians
  2 putrid mouths (Hell)
  9 red draconians
  6 demonspawn black suns (Pan)
  10 deep elf annihilators
  A dire elephant (shapeshifter) (Zot:3)
  5 purple draconians
  2 white draconians
  2 iron golems (Hell)
  An eidolon (Crypt:2)
  6 spark wasps
  4 fire dragons
  13 jiangshi
  A merfolk javelineer (Shoals:2)
  6 green deaths (Pan)
  5 mummy priests (Tomb:1)
  8 blizzard demons
  7 deep elf death magi
  6 merfolk impalers
  21 ettins
  An entropy weaver (Vaults:1)
  7 deep elf high priests
  Fannar (D:11)
  22 vault guards
  2 rakshasas (Pan)
  4 ironbound frosthearts
  12 yaktaur captains
  A quicksilver dragon skeleton (Tomb:1)
  A caustic shrike simulacrum (Abyss:3)
  An alligator (shapeshifter) (Vaults:5)
  2 hell beasts (Pan)
  6 ice dragons
  8 great orbs of eyes
  5 spriggan air magi
  A spriggan skeleton (Pan)
  A juggernaut simulacrum (Pan)
  2 ghost crabs (WizLab)
  3 salamander tyrants
  9 anacondas
  3 hydras
  5 centaur warriors
  A death knight (Crypt:3)
  3 boulder beetles
  7 stokers
  A catoblepas (Depths:2)
  A death yak (Depths:2)
  A satyr (Shoals:2)
  5 two-headed ogres
  A sphinx zombie (Tomb:1)
  2 ogre magi
  4 merfolk aquamancers (Shoals:4)
  3 naga warriors
  An Orb Guardian skeleton (Crypt:2)
  3 orc high priests
  15 hell hogs
  2 alligator snapping turtles (Shoals:4)
  A vampire mage (Crypt:1)
  A deep troll earth mage (Depths:1)
  2 deep troll shamans
  6 demonic crawlers (Pan)
  5 naga sharpshooters
  19 dancing weapons
  8 shock serpents
  Urug (Lair:2)
  16 hell knights
  3 tengu warriors
  11 thrashing horrors (Abyss:3)
  60 sun demons
  3 skysharks
  18 deep elf knights
  8 wretched stars
  An iron troll (Depths:1)
  5 shadow wraiths
  15 soul eaters
  14 sixfirhies (Pan)
  A titan skeleton (Tomb:1)
  A skyshark (shapeshifter) (Vaults:3)
  2 spatial maelstroms (Abyss:3)
  15 cherubim
  6 salamander mystics
  An iron giant zombie (Crypt:2)
  12 skeletal warriors
  32 large abominations
  8 sea snakes
  4 death drakes (WizLab)
  7 shadow demons
  4 glowing orange brains
  7 wizards
  3 spectral humans
  9 deep elf archers
  4 flayed ghosts
  A bunyip skeleton (Crypt:1)
  A lindwurm (shapeshifter) (Vaults:5)
  6 phantasmal warriors
  Pikel (D:6)
  13 orc knights
  3 naga ritualists (Snake:3)
  A fenstrider witch simulacrum (Hell)
  A spriggan simulacrum (Hell)
  19 ugly things
  37 deep trolls
  12 harpies
  22 deep elf pyromancers
  9 necromancers
  12 ironbound convokers
  11 lindwurms
  A sphinx simulacrum (Depths:3)
  A shining eye (Pan)
  A wolf spider (Vaults:5)
  A faun (shapeshifter) (Zot:3)
  13 deep elf zephyrmancers
  3 orc sorcerers (Orc:2)
  2 cyclopes
  A cyclops (shapeshifter) (Depths:4)
  11 salamanders
  11 elephants
  A wolf spider (shapeshifter) (Vaults:5)
  12 manticores
  3 mana vipers
  6 fauns
  A manticore (shapeshifter) (Depths:1)
  2 worldbinders (Abyss:3)
  2 stone giant zombies (Depths:2)
  A will-o-the-wisp (Abyss:3)
  9 moths of wrath
  6 rust devils (Hell)
  9 naga magi
  20 black mambas
  5 water nymphs
  An eye of devastation (Pan)
  A storm dragon simulacrum (Depths:3)
  2 merfolk sirens (Shoals:4)
  10 vault sentinels
  Maurice (D:11)
  9 cane toads
  Maggie (D:9)
  9 guardian serpents
  4 apocalypse crabs
  A guardian serpent (shapeshifter) (Zot:4)
  13 orange demons
  A gargoyle (D:12)
  3 unseen horrors (D:12)
  24 smoke demons
  6 freezing wraiths
  3 kobold demonologists
  A naga skeleton (Abyss:3)
  A dire elephant skeleton (Abyss:3)
  10 hellions
  2 ancient zymes (Abyss:3)
  23 yaktaurs
  4 rime drakes
  A komodo dragon (shapeshifter) (Depths:4)
  2 ice devils
  A tengu conjurer (Depths:1)
  6 efreet
  5 red devils
  8 komodo dragons
  2 tormentors
  9 guardian mummies
  4 trolls
  11 merfolk
  A polar bear (Lair:2)
  A hornet (shapeshifter) (D:11)
  2 harpy zombies
  A shadow dragon simulacrum (Hell)
  3 wind drakes
  16 hellwings
  2 dream sheep (Shoals:4)
  36 raiju
  4 blink frogs (Lair:5)
  A guardian serpent skeleton (Crypt:2)
  A stone giant simulacrum (Hell)
  A fire giant simulacrum (Depths:3)
  5 snapping turtles
  17 slime creatures
  11 air elementals
  49 flying skulls
  A naga simulacrum (Hell)
  2 spriggans (Lair:2)
  A culicivora (Vaults:1)
  A centaur simulacrum (D:15)
  13 wyverns
  2 ettin skeletons (Pan)
  9 water elementals
  3 shadows
  26 ynoxinuls
  3 wraiths
  18 yaks
  6 ushabtiu (Tomb:1)
  A black mamba skeleton (Pan)
  6 golden eyes
  13 basilisks
  15 neqoxecs
  A redback (shapeshifter) (Zot:3)
  6 vampire mosquitoes
  7 redbacks
  Menkaure (D:5)
  7 chaos spawn
  16 small abominations
  A two-headed ogre zombie (Crypt:2)
  2 wargs (Vaults:5)
  31 nagas
  2 acid dragons
  16 hell hounds
  3 floating eyes
  10 water moccasins
  20 orc warriors
  4 ice beasts
  A black bear (Lair:2)
  12 ogres
  26 starcursed masses (Abyss:3)
  8 wolves
  2 boggarts (Zot:4)
  7 centaurs
  A lemure (D:6)
  A phantom (D:7)
  12 bullfrogs
  A glowing shapeshifter simulacrum (Depths:3)
  2 gnoll sergeants
  2 scorpions
  3 kobold brigands
  A cyclops zombie (Depths:2)
  2 elf skeletons (D:7)
  2 water moccasin zombies (Ossuary)
  10 wights
  11 killer bees
  A spriggan zombie (Crypt:2)
  2 electric eels
  4 howler monkeys
  10 bullfrog zombies
  5 centaur zombies (Ossuary)
  A hound (D:5)
  A human zombie (D:7)
  A jelly (D:5)
  2 quasits (Abyss:3)
  15 orc priests
  2 iron imps (Abyss:3)
  5 sleepcaps
  Crazy Yiuf (D:7)
  A gnoll bouda (D:2)
  2 human skeletons (D:7)
  6 iguanas
  18 orc wizards
  7 hell rats
  4 killer bee zombies (Ossuary)
  22 mummies
  4 howler monkey zombies (Ossuary)
  Robin (D:2)
  15 gnolls
  5 adders
  A steam dragon skeleton (Crypt:1)
  10 white imps
  A howler monkey simulacrum (D:9)
  2 ufetubi
  A lava snake zombie (Crypt:1)
  4 worms
  2 dart slugs (D:1)
  55 orcs
  7 endoplasms
  4 giant cockroaches
  15 goblins
  10 hobgoblins
  6 jackals
  3 quokkas (D:4)
  7 ball pythons
  3 bats
  A frilled lizard (D:1)
  13 kobolds
  5 orc skeletons (D:7)
  An orc zombie (D:7)
  6 rats
  2 creeping infernos
  6 fire vortices
  2 starspawn tentacles (Abyss:3)
2303 creatures vanquished.

Vanquished Creatures (collateral kills)
  Gloorx Vloq (Pan)
  An ancient lich (Zot:5)
  Khufu (Crypt:1)
  6 orbs of fire
  Mennas (Crypt:3)
  Josephina (Depths:3)
  A juggernaut (Depths:3)
  A royal mummy (Crypt:1)
  Boris (Crypt:3)
  2 pandemonium lords
  A Killer Klown (Zot:5)
  3 golden dragons
  Jory (Crypt:2)
  A profane servitor (Crypt:3)
  2 Tzitzimimeh (Pan)
  A doom hound (Crypt:1)
  2 electric golems
  3 Brimstone Fiends
  5 hellephants
  4 tentacled monstrosities
  2 Hell Sentinels
  Grunn (Crypt:1)
  A deep elf blademaster (Elf:3)
  A titan (Vaults:5)
  14 Orb Guardians (Zot:5)
  5 liches (Abyss:3)
  2 sphinxes
  3 quicksilver dragons
  An ancient champion (Crypt:3)
  4 searing wretches
  3 death cobs
  5 shadow dragons
  15 Executioners
  3 storm dragons
  6 nagarajas
  2 tengu reavers (Vaults:5)
  A draconian monk (Zot:1)
  6 daevas
  2 revenants
  3 demonspawn warmongers (Pan)
  3 fire giants
  2 draconian knights
  2 draconian scorchers
  2 frost giants
  13 balrugs
  A deep elf sorcerer (Elf:3)
  A ghost moth (Zot:5)
  A frost giant (shapeshifter) (Zot:4)
  5 angels (Pan)
  An iron dragon (Hell)
  4 vault wardens
  Louise (Shoals:4)
  2 draconian stormcallers
  2 cacodemons (Pan)
  2 draconian shifters
  2 draconian annihilators
  3 orc warlords
  A caustic shrike skeleton (Crypt:2)
  4 deep elf elementalists (Elf:3)
  8 ironbound preservers
  A demonspawn blood saint (D:14)
  2 war gargoyles (Vaults:4)
  An ironbound thunderhulk (Vaults:3)
  A ghoul (Crypt:3)
  6 ophanim
  2 demonspawn corrupters (Pan)
  4 reapers
  5 stone giants
  4 very ugly things
  4 vampire knights
  6 apis (Pan)
  4 green draconians
  2 demonspawn black suns (Pan)
  4 purple draconians
  5 deep elf annihilators
  A wendigo (Hell)
  5 yellow draconians
  5 lorocyprocas (Pan)
  4 white draconians
  2 spark wasps
  3 black draconians
  2 red draconians
  3 green deaths
  2 eidola
  5 merfolk javelineers
  A crystal guardian (Zot:4)
  2 blizzard demons
  3 deep elf death magi
  6 ettins
  An ettin (shapeshifter) (Zot:4)
  An iron golem (Hell)
  A mummy priest (Tomb:1)
  5 yaktaur captains
  3 fire dragons
  4 great orbs of eyes
  4 jiangshi (Crypt:3)
  3 rakshasas
  2 deep elf high priests (Elf:3)
  A spriggan zombie (Crypt:2)
  4 vault guards (Vaults:5)
  3 hydras
  2 ice dragons
  3 salamander tyrants
  2 hell beasts (Pan)
  4 centaur warriors
  An ogre mage (Vaults:5)
  A peacekeeper (Vaults:4)
  A juggernaut simulacrum (Pan)
  A catoblepas (Lair:1)
  A spriggan air mage (Depths:2)
  3 ironbound frosthearts
  3 merfolk avatars
  A ghost crab (WizLab)
  A radroach (shapeshifter) (Depths:3)
  2 alligator snapping turtles
  4 merfolk aquamancers
  16 dancing weapons
  A deep troll shaman (Depths:2)
  A boulder beetle (D:13)
  3 anacondas
  3 death yaks (Depths:2)
  4 deep troll earth magi
  12 hell hogs
  2 death knights
  2 two-headed ogres
  2 satyrs
  2 shock serpents
  A tengu warrior (Depths:1)
  A titan zombie (Depths:2)
  3 vampire magi
  4 naga sharpshooters (Snake:4)
  8 deep elf knights
  8 naga warriors
  3 thrashing horrors (Abyss:3)
  4 demonic crawlers (Pan)
  12 soul eaters
  8 hell knights
  15 sun demons
  2 spriggan berserkers
  10 skeletal warriors
  A skyshark (Lair:5)
  Lodul (D:10)
  10 shadow wraiths
  2 wretched stars (Abyss:3)
  A titan skeleton (Pan)
  3 cherubim (Pan)
  2 iron trolls
  2 spriggan riders (Depths:2)
  6 sea snakes
  6 sixfirhies (Pan)
  4 shadow demons
  3 glowing orange brains
  A goliath frog (Lair:5)
  9 deep elf archers
  12 deep trolls
  5 ironbound convokers
  A spectral hydra (Crypt:3)
  A phantasmal warrior (Vaults:3)
  4 lindwurms
  2 wizards (Pan)
  13 harpies
  12 deep elf zephyrmancers
  5 necromancers
  5 orc knights
  2 mana vipers
  2 orc sorcerers (Orc:2)
  12 deep elf pyromancers
  2 manticores
  6 ugly things
  6 fauns
  9 salamanders
  2 spectral centaurs (Crypt:3)
  A shadow dragon skeleton (Pan)
  2 human skeletons (Pan)
  6 guardian serpents
  2 elephants (Lair:4)
  2 moths of wrath (Zot:4)
  13 slime creatures
  4 vault sentinels
  11 black mambas
  4 water nymphs
  9 naga magi
  4 merfolk sirens
  A titan simulacrum (Crypt:3)
  5 orange demons (Pan)
  A centaur skeleton (Crypt:2)
  13 smoke demons
  3 gargoyles
  An eye of devastation (Abyss:3)
  11 cane toads
  5 rime drakes
  A dire elephant skeleton (Pan)
  7 komodo dragons
  5 yaktaurs
  A kobold demonologist (D:13)
  4 hellions
  A guardian mummy (Tomb:1)
  A tormentor (Pan)
  4 ice devils
  4 freezing wraiths
  A harpy zombie (Zot:4)
  7 hellwings (Pan)
  16 merfolk
  A tyrant leech (Lair:5)
  5 wind drakes
  2 trolls (Orc:1)
  3 harpy skeletons (Pan)
  A blink frog (shapeshifter) (Elf:2)
  9 blink frogs (Lair:5)
  A dream sheep (Shoals:4)
  9 raiju
  7 snapping turtles
  15 large abominations
  35 flying skulls
  3 shadows
  5 air elementals
  3 ynoxinuls
  3 ushabtiu (Tomb:1)
  13 water elementals
  8 wyverns
  A fire bat (shapeshifter) (Vaults:5)
  A satyr skeleton (Crypt:1)
  8 hogs
  A human (shapeshifter) (D:14)
  A wyvern (shapeshifter) (Zot:3)
  4 yaks
  A fire elemental (Elf:3)
  4 golden eyes
  A vampire mosquito (Lair:5)
  A redback (D:12)
  A steam dragon (D:7)
  3 basilisks
  4 chaos spawn
  7 neqoxecs
  2 spatial vortices (Abyss:3)
  5 small abominations
  19 nagas
  An acid dragon (D:12)
  7 water moccasins
  4 hell hounds
  A floating eye (Pan)
  An ice beast (D:9)
  A sky beast (shapeshifter) (Vaults:4)
  10 orc warriors
  A black bear (D:6)
  A boggart (Zot:4)
  An elephant skeleton (Crypt:1)
  4 ogres
  4 centaurs
  A hog skeleton (Crypt:1)
  4 necrophages (Crypt:3)
  8 bullfrogs
  3 earth elementals
  A wight (D:9)
  A troll zombie (Crypt:1)
  A killer bee (D:8)
  2 electric eels (Lair:5)
  7 orc priests
  4 starcursed masses (Abyss:3)
  A sleepcap (D:5)
  9 orc wizards
  5 hell rats
  A hound zombie (Crypt:2)
  7 mummies (Tomb:1)
  2 gnolls (D:11)
  19 orcs
  A hobgoblin (D:4)
  8 kobolds
  A kobold zombie (Crypt:1)
  A butterfly (Zot:4)
  4 creeping infernos
  14 fire vortices
  3 lurking horrors (Abyss:3)
  A spectral weapon (Elf:1)
1097 creatures vanquished.

Vanquished Creatures (others)
  A tentacled monstrosity (Zot:5)
  A spectral draconian (Pan)
  An eldritch tentacle (Pan)
  A deep elf sorcerer (Elf:3)
  A fire giant (Depths:2)
  A juggernaut zombie (Depths:3)
  A ghost moth (Zot:5)
  A spectral tentacled monstrosity (Zot:1)
  An angel (Abyss:3)
  A spectral Brimstone Fiend (Hell)
  7 spectral angels
  A Killer Klown zombie (Zot:5)
  A spectral minotaur (Elf:3)
  spectral Geryon (Geh:6)
  2 blizzard demons
  A very ugly thing zombie (Pan)
  A quicksilver dragon zombie (Vaults:5)
  A fenstrider witch zombie (Zot:4)
  5 Orb Guardian zombies (Zot:5)
  A ghost crab (WizLab)
  A sphinx zombie (Tomb:1)
  6 spectral Executioners
  A hell hog (Geh:1)
  A shock serpent (WizLab)
  A spectral hydra (Lair:4)
  10 spectral balrugs
  2 storm dragon zombies
  9 spectral sixfirhies (Pan)
  A spectral centaur (D:15)
  A hell knight (Vaults:5)
  2 spectral reapers
  4 spectral daevas (Pan)
  3 spectral lorocyprocas (Pan)
  2 anaconda zombies
  3 spectral green deaths (Pan)
  A glowing orange brain (Pan)
  A spectral cacodemon (Pan)
  A shadow dragon zombie (Depths:3)
  An orc knight (Vaults:1)
  2 tengu zombies
  4 ugly thing zombies
  3 stone giant zombies
  3 deep elf zephyrmancers (Elf:1)
  2 iron dragon zombies
  A fire giant zombie (Geh:7)
  9 apis zombies (Pan)
  4 draconian zombies
  2 spectral blizzard demons
  5 hell hog zombies
  A dire elephant zombie (Vaults:3)
  A demonspawn zombie (Pan)
  2 shock serpent zombies (WizLab)
  2 spectral soul eaters (Pan)
  A spectral rakshasa (Pan)
  A green draconian zombie (Zot:4)
  A black draconian zombie (Zot:3)
  21 spectral sun demons
  A white draconian zombie (Zot:4)
  2 yellow draconian zombies
  A sea snake zombie (Shoals:4)
  An unseen horror zombie (D:12)
  A yaktaur (Vaults:4)
  A death drake zombie (WizLab)
  A spectral shadow demon (Pan)
  17 human zombies
  A merfolk (Shoals:3)
  9 harpy zombies
  A demonic crawler zombie (Pan)
  2 moth of wrath zombies (Zot:5)
  A hellwing (Pan)
  A fire dragon zombie (Depths:3)
  A merfolk zombie (Shoals:3)
  4 ettin zombies
  2 guardian serpent zombies
  A great orb of eyes zombie (Pan)
  A satyr zombie (Shoals:3)
  5 spectral cherubs (Pan)
  2 spriggan zombies (Depths:2)
  An air elemental (WizLab)
  A naga simulacrum (Hell)
  4 black mamba zombies
  A wind drake zombie (Shoals:2)
  A water elemental (Elf:3)
  3 spectral rust devils (Hell)
  3 spectral hell beasts (Pan)
  3 spectral orange demons (Pan)
  A neqoxec (Pan)
  3 slime creature zombies
  A spectral tormentor (Geh:3)
  6 spectral hellions
  A water nymph zombie (Shoals:3)
  2 salamander zombies (Snake:4)
  A two-headed ogre zombie (Orc:1)
  A hell hound (Hell)
  13 deep troll zombies
  2 cane toad zombies (Lair:5)
  3 spectral smoke demons (Pan)
  2 spectral efreet (Pan)
  A spectral red devil (Hell)
  2 lindwurm zombies
  A manticore zombie (Shoals:4)
  6 spectral hellwings (Pan)
  25 elf zombies
  7 blink frog zombies (Lair:5)
  An elephant zombie (Lair:3)
  A wolf (shapeshifter) (Zot:3)
  2 vampire mosquito zombies (Lair:5)
  A rime drake zombie (Lair:5)
  2 spectral chaos spawn (Pan)
  5 spectral ynoxinuls
  11 spectral neqoxecs
  7 hell hound zombies
  8 yaktaur zombies
  4 water moccasin zombies
  5 wyvern zombies
  A yak zombie (D:9)
  16 raiju zombies
  A troll zombie (Orc:1)
  3 wolf zombies
  4 bullfrog zombies
  4 centaur zombies
  2 basilisk zombies
  An orc wizard (D:8)
  A killer bee zombie (D:10)
  An acid dragon zombie (D:9)
  An ice beast zombie (D:9)
  An ogre zombie (Depths:2)
  6 naga zombies
  A hell rat zombie (Lair:3)
  A spectral iron imp (Abyss:3)
  3 spectral white imps
  4 kobold zombies
  27 orc zombies
  A spectral ufetubus (Abyss:3)
  9 ball lightnings (Pan)
  3 creeping infernos
  11 fire vortices
  2 foxfires (Abyss:3)
  A lurking horror (Abyss:3)
  184 spectral weapons
  5 starspawn tentacles (Abyss:3)
639 creatures vanquished.

Grand Total: 4039 creatures vanquished

Notes
Turn   | Place    | Note
-------+----------+-------------------------------------------
     0 | D:1      | Sirjeffry24 the Demonspawn Fighter began the quest for the
                  | Orb.
     0 | D:1      | Reached XP level 1. HP: 18/18 MP: 1/1
   154 | D:1      | Gained mutation: You are partially covered in molten
                  | scales. (AC +2) [demonic ancestry]
   154 | D:1      | Reached XP level 2. HP: 24/24 MP: 2/2
   288 | D:1      | Found a faded altar of an unknown god.
   681 | D:2      | Reached XP level 3. HP: 29/29 MP: 3/3
   755 | D:2      | Found a stormy altar of Qazlal.
   900 | D:2      | Noticed Robin
   958 | D:2      | Killed Robin
   959 | D:2      | Gained mutation: A weak demonic guardian rushes to your
                  | aid. [demonic ancestry]
   959 | D:2      | Reached XP level 4. HP: 25/37 MP: 4/4
  2049 | D:2      | Reached XP level 5. HP: 8/42 MP: 5/5
  3006 | D:4      | Reached XP level 6. HP: 43/49 MP: 6/6
  3019 | D:4      | Found an ancient bone altar of Kikubaaqudgha.
  3519 | D:5      | Entered Level 5 of the Dungeon
  4053 | D:5      | Found a sparkling altar of Nemelex Xobeh.
  4053 | D:5      | Found a snail-covered altar of Cheibriados.
  4053 | D:5      | Found an opulent altar of Gozag.
  4059 | D:5      | Noticed Menkaure
  4065 | D:5      | Killed Menkaure
  4066 | D:5      | Reached skill level 5 in Fighting
  4066 | D:5      | Gained mutation: You are partially covered in sharp spines.
                  | [demonic ancestry]
  4066 | D:5      | Reached XP level 7. HP: 56/56 MP: 7/7
  4080 | D:5      | Reached skill level 5 in Polearms
  4866 | D:6      | Noticed Pikel
  4903 | D:6      | Killed Pikel
  4904 | D:6      | Reached skill level 5 in Armour
  4904 | D:6      | Gained mutation: You have a small tail. [demonic ancestry]
  4904 | D:6      | Reached XP level 8. HP: 14/65 MP: 8/8
  5262 | D:6      | Found a staircase to the Ecumenical Temple.
  5307 | Temple   | Entered the Ecumenical Temple
  5715 | D:6      | Reached skill level 1 in Invocations
  6074 | D:6      | Found a shimmering altar of Xom.
  6458 | D:7      | Gained mutation: You are mostly covered in molten scales.
                  | (AC +3) [demonic ancestry]
  6458 | D:7      | Reached XP level 9. HP: 72/72 MP: 8/10
  6768 | D:7      | Found a sand-covered staircase.
  6773 | Ossuary  | Entered an ossuary
  7603 | Ossuary  | Gained mutation: You are agile. (Dex +4, Str/Int -1)
                  | [potion of mutation]
  7603 | Ossuary  | Gained mutation: You are frail. (-10% HP) [potion of
                  | mutation]
  7604 | Ossuary  | Lost mutation: You are agile. (Dex +4, Str/Int -1) [potion
                  | of mutation]
  7604 | Ossuary  | Lost mutation: You are frail. (-10% HP) [potion of
                  | mutation]
  7604 | Ossuary  | Gained mutation: You have sharp fingernails. [potion of
                  | mutation]
  7604 | Ossuary  | Gained mutation: Your body sometimes deteriorates upon
                  | taking damage. [potion of mutation]
  7604 | Ossuary  | Gained mutation: You have very sharp fingernails. [potion
                  | of mutation]
  7604 | Ossuary  | Gained mutation: Your natural rate of healing is unusually
                  | fast. [potion of mutation]
  7762 | D:7      | Found Minipp's Hydra Hut.
  7768 | D:7      | Noticed a six-headed hydra
  7852 | D:7      | Identified the +2 leather armour of Youthful Indiscretion
                  | {Str-5 Dex+2 SInv}
  7913 | D:7      | Found a runed translucent door.
  7914 | D:7      | Noticed Crazy Yiuf
  7989 | D:7      | Found a sacrificial altar of Ru.
  8063 | D:7      | Found a stormy altar of Qazlal.
  8064 | D:7      | Found a basalt altar of Yredelemnul.
  8288 | D:7      | Killed Crazy Yiuf
  8429 | D:7      | Became a worshipper of Yredelemnul the Dark
  8593 | D:8      | Gained mutation: You have a tail ending in a sharp stinger.
                  | [demonic ancestry]
  8593 | D:8      | Reached XP level 10. HP: 82/82 MP: 13/13
  8676 | D:8      | Reached * piety under Yredelemnul
  8953 | D:8      | Found a radiant altar of Vehumet.
  9401 | D:9      | Reached skill level 5 in Invocations
  9418 | D:9      | Reached ** piety under Yredelemnul
  9720 | D:9      | Noticed Maggie
  9741 | D:9      | Killed Maggie
  9877 | D:9      | Identified the +7 mace "Mysis" {speed, Fragile rF+ rC-
                  | Str+4}
 10011 | D:10     | Entered Level 10 of the Dungeon
 10016 | D:10     | Found a flagged portal.
 10026 | Bailey   | Entered a bailey
 10100 | Bailey   | Noticed an orc knight
 10133 | Bailey   | Killed an orc knight
 10150 | Bailey   | Gained mutation: You are mostly covered in sharp spines.
                  | [demonic ancestry]
 10150 | Bailey   | Reached XP level 11. HP: 9/90 MP: 16/16
 10274 | Bailey   | Found a large runed translucent door.
 10274 | Bailey   | Found a large runed translucent door.
 10292 | Bailey   | Noticed a deep elf pyromancer
 10490 | Bailey   | Killed a deep elf pyromancer
 10498 | Bailey   | Identified the +2 scale mail of Kades {Str+6 Dex-3 SInv}
 10618 | D:10     | Found a staircase to the Orcish Mines.
 10917 | D:10     | Reached skill level 10 in Fighting
 11002 | D:10     | Identified the +0 scale mail of Roehidogg {*Corrode rC+
                  | Regen+ Str+2}
 11114 | D:10     | Found a portal to a secret trove of treasure.
 11125 | D:10     | Reached skill level 10 in Polearms
 11423 | D:11     | Noticed a boulder beetle
 11440 | D:11     | Killed a boulder beetle
 11461 | D:11     | Noticed Fannar
 11485 | D:11     | Killed Fannar
 11687 | D:11     | Noticed Maurice
 11687 | D:11     | Noticed a centaur warrior
 11698 | D:11     | Killed a centaur warrior
 11699 | D:11     | Reached skill level 5 in Shields
 11705 | D:11     | Killed Maurice
 11830 | D:11     | Noticed Lodul
 11982 | D:10     | Killed Lodul
 12170 | D:11     | Found a staircase to the Lair.
 12265 | D:11     | Found a snail-covered altar of Cheibriados.
 12487 | D:11     | Reached *** piety under Yredelemnul
 12676 | D:12     | Reached XP level 12. HP: 80/100 MP: 18/18
 12723 | D:12     | Identified the +2 robe "Rytoor" {+Blink rElec rC- Int+4}
 13030 | D:12     | Found a runed translucent gate.
 13031 | D:12     | Found a runed translucent gate.
 13032 | D:12     | Found a runed translucent gate.
 13332 | D:12     | a blink frog changed into an entropy weaver
 13332 | D:12     | Noticed an entropy weaver (glowing shapeshifter)
 13334 | D:12     | an entropy weaver changed into a hornet
 13377 | D:13     | Noticed a centaur warrior
 13388 | D:13     | Killed a centaur warrior
 13430 | D:13     | Noticed a centaur warrior
 13492 | D:13     | Noticed a two-headed ogre
 13508 | D:13     | Killed a two-headed ogre
 13522 | D:13     | Noticed an eight-headed hydra
 13529 | D:13     | Killed an eight-headed hydra
 13542 | D:13     | Reached skill level 10 in Invocations
 13563 | D:13     | Found a gate to the Vaults.
 13624 | D:13     | Noticed a two-headed ogre
 13635 | D:13     | Killed a two-headed ogre
 13679 | D:13     | Noticed a boulder beetle
 13692 | D:13     | Killed a boulder beetle
 13740 | D:13     | Reached **** piety under Yredelemnul
 13918 | D:13     | Reached ***** piety under Yredelemnul
 13938 | D:13     | Gained mutation: You are dopey. (Int -2) [a neqoxec]
 13942 | D:13     | Gained mutation: Your spells are a little easier to cast,
                  | but a little less powerful. [a neqoxec]
 13945 | D:13     | Reached ****** piety under Yredelemnul
 13954 | D:13     | Lost mutation: You have very sharp fingernails. [potion of
                  | mutation]
 13954 | D:13     | Lost mutation: You are dopey. (Int -2) [potion of mutation]
 13954 | D:13     | Lost mutation: You have sharp fingernails. [potion of
                  | mutation]
 13954 | D:13     | Lost mutation: Your body sometimes deteriorates upon taking
                  | damage. [potion of mutation]
 13954 | D:13     | Gained mutation: You are vulnerable to heat. (rF-) [potion
                  | of mutation]
 13982 | D:13     | Killed a centaur warrior
 13982 | D:13     | Charmed a centaur warrior
 14360 | D:14     | Found Iceaddum's Armour Shoppe.
 14397 | D:14     | Noticed a boulder beetle
 14408 | D:14     | Killed a boulder beetle
 14503 | D:14     | Identified the +9 spear of the Warrior-Mage {flame, rF+ rN+
                  | rCorr Stlth+}
 14517 | D:14     | Reached skill level 1 in Evocations
 14517 | D:14     | Reached XP level 13. HP: 90/108 MP: 20/20
 14687 | D:14     | Found Dinnuec's Weapon Boutique.
 14800 | D:14     | Reached skill level 10 in Armour
 15040 | D:14     | Found a blossoming altar of Fedhas.
 15078 | D:15     | Entered Level 15 of the Dungeon
 15156 | D:15     | Found a shadowy altar of Dithmenos.
 15675 | D:15     | Noticed a fire dragon
 15675 | D:15     | Noticed a fire dragon
 15694 | D:15     | Killed a fire dragon
 15695 | D:15     | Killed a fire dragon
 15776 | D:15     | Found a staircase to the Depths.
 16457 | Lair:1   | Entered Level 1 of the Lair of Beasts
 17366 | Lair:2   | Noticed Urug
 17378 | Lair:2   | Killed Urug
 17513 | Lair:2   | Found a dark tunnel.
 17528 | Volcano  | Entered a volcano
 17577 | Volcano  | Noticed a red draconian
 17611 | Volcano  | Killed a red draconian
 17668 | Volcano  | Lost mutation: Your spells are a little easier to cast, but
                  | a little less powerful. [potion of mutation]
 17668 | Volcano  | Lost mutation: You are vulnerable to heat. (rF-) [potion of
                  | mutation]
 17668 | Volcano  | Gained mutation: You have sharp toenails. [potion of
                  | mutation]
 17668 | Volcano  | Gained mutation: Your mind is acute. (Int +4, Str/Dex -1)
                  | [potion of mutation]
 17668 | Volcano  | Gained mutation: You passively map a small area around you.
                  | [potion of mutation]
 18587 | Lair:3   | Gained mutation: You are completely covered in sharp
                  | spines. [demonic ancestry]
 18587 | Lair:3   | Reached XP level 14. HP: 114/118 MP: 23/23
 18624 | Lair:3   | Found a staircase to the Shoals.
 19466 | Lair:3   | Found a staircase to the Snake Pit.
 19849 | Lair:4   | Found a runed translucent door.
 19850 | Lair:4   | Found a viscous altar of Jiyva.
 19850 | Lair:4   | Noticed an acid blob
 19851 | Lair:4   | Found a staircase to the Slime Pits.
 20451 | Lair:4   | Killed an acid blob
 20451 | Lair:4   | Charmed an acid blob
 20515 | Lair:5   | Entered Level 5 of the Lair of Beasts
 20658 | Lair:5   | Identified the +8 chain mail of Fedhas {rPois}
 20768 | Lair:5   | Gained mutation: A demonic guardian rushes to your aid.
                  | [demonic ancestry]
 20768 | Lair:5   | Reached XP level 15. HP: 125/127 MP: 25/25
 20832 | Lair:5   | Identified the ring "Usehoj" {rPois rN+ Will+ rCorr}
 21430 | Orc:1    | Entered Level 1 of the Orcish Mines
 22065 | Orc:2    | Entered Level 2 of the Orcish Mines
 22129 | Orc:2    | Found Fycriyq's Assorted Antiques.
 22158 | Orc:2    | Found Biamn's General Store.
 22158 | Orc:2    | Found Xittig's Distillery.
 22162 | Orc:2    | Found Coll's Armour Shop.
 22198 | Orc:2    | Bought a potion of berserk rage for 75 gold pieces
 22200 | Orc:2    | Bought the +7 plate armour of the Fife {rC+} for 1008 gold
                  | pieces
 22349 | Orc:2    | Found a staircase to the Elven Halls.
 22442 | Orc:2    | Found Beahu's Distillery.
 22814 | Snake:1  | Entered Level 1 of the Snake Pit
 23044 | Snake:1  | Identified a scroll of acquirement
 23045 | Snake:1  | Acquired 355 gold pieces
 23054 | Snake:1  | Identified the +7 war axe of Lapykken {elec, *Noise Fly
                  | rCorr Int+3}
 23083 | Snake:1  | Found Woelaos's Distillery.
 23155 | Snake:1  | Reached skill level 15 in Fighting
 23264 | Snake:1  | Noticed Aizul
 23283 | Snake:1  | Identified the ring of Guevvifo {Fly Str+5}
 23315 | Snake:1  | Killed Aizul
 23315 | Snake:1  | Charmed Aizul
 24341 | Snake:1  | Upgraded the game from 0.31-a0-664-g902f515a81 to
                  | 0.31-a0-675-g238779eb0a
 25483 | Snake:3  | Reached skill level 15 in Invocations
 25555 | Snake:3  | Noticed a nagaraja
 25563 | Snake:3  | Killed a nagaraja
 25928 | Snake:3  | Gained mutation: You have a sharp stinger which inflicts
                  | weakening toxins. [demonic ancestry]
 25928 | Snake:3  | Reached XP level 16. HP: 127/137 MP: 22/27
 26008 | Snake:3  | Noticed Nikola
 26014 | Snake:3  | Killed Nikola
 26014 | Snake:3  | Charmed Nikola
 26549 | Snake:4  | Entered Level 4 of the Snake Pit
 26625 | Snake:4  | Reached skill level 10 in Shields
 27196 | Snake:4  | Acquired the +2 pair of gloves "Cotoz" {Contam rPois Regen+
                  | SInv}
 27353 | Snake:4  | Found the amulet of Vitality {RegenMP++ Regen++}
 27688 | Snake:4  | Got a serpentine rune of Zot
 27921 | Shoals:1 | Entered Level 1 of the Shoals
 28164 | Shoals:1 | Identified the +1 ring mail of the Bruised Cities {Fly}
 28339 | Shoals:1 | Gained mutation: You punish those that try to bend your
                  | will. (Will+) [demonic ancestry]
 28339 | Shoals:1 | Reached XP level 17. HP: 146/146 MP: 29/29
 29997 | Shoals:3 | Found Boqur's Antique Armour Emporium.
 30720 | Shoals:4 | Entered Level 4 of the Shoals
 30900 | Shoals:4 | Noticed Ilsuiw
 30909 | Shoals:4 | Killed Ilsuiw
 30909 | Shoals:4 | Charmed Ilsuiw
 31062 | Shoals:4 | Noticed Louise
 31080 | Shoals:4 | Killed Louise
 31136 | Shoals:4 | Your ally Louise died
 31143 | Shoals:4 | Noticed Kirke
 31157 | Shoals:4 | Killed Kirke
 31157 | Shoals:4 | Charmed Kirke
 31340 | Shoals:4 | Reached XP level 18. HP: 65/156 MP: 29/31
 31342 | Shoals:4 | Got a barnacled rune of Zot
 31503 | Shoals:4 | Identified the +8 shortbow of a Million Nightcaps {freeze,
                  | rPois rF+ Dex-3}
 31973 | Elf:1    | Entered Level 1 of the Elven Halls
 32170 | Elf:1    | Noticed Asterion
 32170 | Elf:1    | Paralysed by an air elemental for 1 turns
 32282 | Elf:1    | Got the Octavo of Evolving Toxicity
 32343 | Elf:1    | Paralysed by an air elemental for 1 turns
 32350 | Elf:1    | Paralysed by an air elemental for 1 turns
 32563 | Elf:1    | Reached skill level 15 in Armour
 32989 | Elf:1    | Killed Asterion
 32989 | Elf:1    | Charmed Asterion
 33229 | Elf:1    | Acquired the ring of the Evening {Fly rF+ Will+ Dex+2}
 33839 | Elf:2    | Found a runed translucent gate.
 33841 | Elf:2    | Found a runed translucent gate.
 33841 | Elf:2    | Found a runed translucent gate.
 33891 | Abyss:2  | Cast into level 2 of the Abyss (+0 eveningstar of
                  | distortion)
 33899 | Abyss:2  | Found a corrupted altar of Lugonu.
 34195 | Abyss:3  | Noticed a lich
 34204 | Abyss:3  | Killed a lich
 34224 | Abyss:3  | Noticed a lich
 34230 | Abyss:3  | Noticed a lich
 34234 | Abyss:3  | Killed a lich
 34243 | Abyss:3  | Killed a lich
 34273 | Elf:2    | Escaped the Abyss
 34292 | Elf:2    | Reached XP level 19. HP: 165/165 MP: 32/32
 34761 | Elf:2    | Paralysed by an air elemental for 1 turns
 35028 | Elf:3    | Entered Level 3 of the Elven Halls
 35050 | Elf:3    | Paralysed by an air elemental for 1 turns
 35456 | Elf:3    | Paralysed by an air elemental for 1 turns
 35649 | Elf:3    | Found Qaock's Armour Emporium.
 35940 | Elf:3    | Identified the +5 flail of Lies {flame, Fragile rF+ rN+
                  | Str+5}
 35942 | Elf:3    | Identified the +0 robe "Gamefeo" {MP+9}
 35948 | Elf:3    | Paralysed by an air elemental for 1 turns
 35949 | Elf:3    | Your ally Asterion died
 36262 | Elf:3    | Identified the +10 plate armour of Beauty {Fly rElec}
 36388 | Elf:3    | Identified the +0 helmet "Ronnyfa" {rElec rPois Slay+2}
 36414 | Elf:3    | Identified the +0 helmet of Sasapare {rElec rF+ Dex-2 SInv}
 36416 | Elf:3    | Identified the +5 longbow "Fenapaj" {heavy, rElec}
 36547 | Elf:3    | Identified the staff of Sif Muna's Inspiration {Fragile rN+
                  | Int+4 SInv Necro Ice}
 36861 | Vaults:1 | Entered Level 1 of the Vaults
 37152 | Vaults:1 | Found Cimoetu's Assorted Antiques.
 37276 | Vaults:1 | Gained mutation: You are resistant to unholy torment.
                  | [demonic ancestry]
 37276 | Vaults:1 | Reached XP level 20. HP: 161/176 MP: 34/34
 37478 | Vaults:1 | Found a runed translucent gate.
 37479 | Vaults:1 | Found a runed translucent gate.
 37522 | Vaults:1 | Found a runed translucent gate.
 37522 | Vaults:1 | Noticed Yptir's ghost (adept AtFE)
 38266 | Vaults:1 | Killed Yptir's ghost
 38467 | Vaults:1 | Identified the +4 cloak of Impermeability {rElec rCorr}
 38581 | Vaults:2 | Found a gateway to a bazaar.
 38668 | Vaults:2 | Reached skill level 15 in Polearms
 38696 | Vaults:2 | Reached skill level 15 in Shields
 38764 | Vaults:2 | Found a magical portal.
 38769 | WizLab   | Entered The Chambers of the Cloud Mage
 38775 | WizLab   | Paralysed by an air elemental for 1 turns
 38802 | WizLab   | Paralysed by an air elemental for 1 turns
 38897 | WizLab   | Paralysed by an air elemental for 1 turns
 39079 | WizLab   | Paralysed by an air elemental for 1 turns
 39236 | WizLab   | Paralysed by an air elemental for 1 turns
 39320 | WizLab   | Paralysed by an air elemental for 1 turns
 39324 | WizLab   | Paralysed by an air elemental for 1 turns
 39342 | WizLab   | Got the Anthology of Fuming Superposition
 39346 | WizLab   | Got the Papyrus of Clouds
 39368 | WizLab   | Identified the ring "Locharam" {*Corrode Fly rC++ rN+
                  | Str-4}
 39374 | WizLab   | Identified the +3 mace of Melee {freeze, rN+ Dex+5}
 40127 | Vaults:2 | Upgraded the game from 0.31-a0-675-g238779eb0a to
                  | 0.31-a0-691-g409c26aa35
 40599 | Vaults:3 | Found Fionn's Magic Scroll Boutique.
 40600 | Vaults:3 | Found Ryk Loosh's Book Boutique.
 40609 | Vaults:3 | Bought a scroll of enchant armour for 135 gold pieces
 40609 | Vaults:3 | Bought a scroll of enchant armour for 135 gold pieces
 40680 | Vaults:3 | Identified the +1 dire flail "Ifeck" {freeze, rCorr Str+7}
 41016 | Vaults:3 | Found Purphil's Weapon Shop.
 41033 | Vaults:3 | Found Tarul's Book Shoppe.
 41070 | Vaults:3 | Found a staircase to the Crypt.
 41107 | Vaults:3 | Reached XP level 21. HP: 133/185 MP: 35/35
 41592 | Vaults:4 | Noticed Zenata
 41717 | Vaults:4 | Found Jein's Book Shoppe.
 42103 | Vaults:4 | Killed Zenata
 42103 | Vaults:4 | Charmed Zenata
 43298 | Depths:1 | Entered Level 1 of the Depths
 43529 | Depths:1 | Found a gateway to Hell.
 44261 | Depths:2 | Paralysed by a floating eye for 2 turns
 44362 | Depths:2 | Found a flickering gateway to a bazaar.
 44367 | Bazaar   | Entered a bazaar
 44367 | Bazaar   | Found Noem's Armour Emporium.
 44370 | Bazaar   | Found Bieneow's Antique Armour Emporium.
 44380 | Bazaar   | Bought a masterwork helmet for 323 gold pieces
 44380 | Bazaar   | Identified the +2 helmet "Kuicae" {Dex+4} (You bought it in
                  | a shop in a bazaar)
 44389 | Bazaar   | Found Nyawnet's Antique Weapon Emporium.
 44400 | Bazaar   | Found Giublael's Assorted Antiques.
 44408 | Bazaar   | Bought a scroll of enchant weapon for 202 gold pieces
 44409 | Bazaar   | Bought a smoking jade ring for 135 gold pieces
 44409 | Bazaar   | Identified a ring of Entrepreneurial Spirit {rN+ Int+6}
                  | (You bought it in a shop in a bazaar)
 44416 | Bazaar   | Found Kaedgh's Jewellery Boutique.
 44481 | Depths:2 | Found a one-way gate to the infinite horrors of the Abyss.
 44683 | Depths:2 | Found a one-way gate leading to the halls of Pandemonium.
 45056 | Depths:2 | Noticed a juggernaut
 45070 | Depths:2 | Killed a juggernaut
 45071 | Depths:2 | Gained mutation: A powerful demonic guardian rushes to your
                  | aid. [demonic ancestry]
 45071 | Depths:2 | Reached XP level 22. HP: 160/196 MP: 37/37
 45084 | Depths:2 | Found the +8 longbow "Zephyr" {speed, Dex+3 SInv}
 45088 | Depths:2 | Identified the +6 rapier of the Clean God {heavy, *Slow
                  | rElec rPois}
 45096 | Depths:2 | Identified the +0 shortbow of the Shoals {flame, +Blink}
 45860 | Depths:3 | Noticed a juggernaut
 45864 | Depths:3 | Noticed a juggernaut
 45875 | Depths:3 | Killed a juggernaut
 45889 | Depths:3 | Killed a juggernaut
 45892 | Depths:3 | Noticed a caustic shrike
 45902 | Depths:3 | Killed a caustic shrike
 45916 | Depths:3 | Noticed Frederick
 45968 | Depths:3 | Killed Frederick
 46280 | Depths:3 | Identified the ring "Ytage" {Ice rElec Int+3}
 46280 | Depths:3 | Noticed Josephina
 46293 | Depths:3 | Killed Josephina
 46331 | Depths:3 | Noticed a juggernaut
 46344 | Depths:3 | Killed a juggernaut
 46367 | Depths:3 | Noticed a golden dragon
 46375 | Depths:3 | Killed a golden dragon
 46515 | Depths:3 | Identified the +1 chain mail of Impermeability {rF+}
 46626 | Depths:3 | Found Viozutao's Distillery.
 46634 | Depths:3 | Bought a potion of haste for 200 gold pieces
 46634 | Depths:3 | Bought a potion of heal wounds for 100 gold pieces
 46634 | Depths:3 | Bought a potion of curing for 60 gold pieces
 46634 | Depths:3 | Bought a potion of mutation for 160 gold pieces
 46851 | Depths:4 | Entered Level 4 of the Depths
 47077 | Depths:4 | Found a one-way gateway to a ziggurat.
 47305 | Depths:4 | Found Rutysh's Assorted Antiques.
 47316 | Depths:4 | Bought a scroll of enchant armour for 180 gold pieces
 47316 | Depths:4 | Bought a scroll of blinking for 180 gold pieces
 47316 | Depths:4 | Bought a heavily runed gossamer ring for 120 gold pieces
 47316 | Depths:4 | Identified the ring "Tebbown" {Str-4 Int+5 Slay+4} (You
                  | bought it in a shop on level 4 of the Depths)
 47367 | Depths:4 | Found a gate to the Realm of Zot.
 48026 | Crypt:1  | Entered Level 1 of the Crypt
 48074 | Crypt:1  | Noticed Boris
 48083 | Crypt:1  | Killed Boris
 48182 | Crypt:1  | Acquired 636 gold pieces
 48264 | Crypt:1  | Noticed Grunn
 48266 | Crypt:1  | Noticed Khufu
 48268 | Crypt:1  | Noticed a royal mummy
 48276 | Crypt:1  | Killed Grunn
 48280 | Crypt:1  | Gained mutation: You can hurl damnation. [demonic ancestry]
 48280 | Crypt:1  | Reached XP level 23. HP: 116/207 MP: 38/38
 48282 | Crypt:1  | Killed Khufu
 48292 | Crypt:1  | Killed a royal mummy
 48761 | Crypt:2  | Identified the +2 ring mail "Ferrizen" {Int+5 Dex-5}
 48801 | Crypt:2  | Noticed Jory
 48814 | Crypt:2  | Killed Jory
 49307 | Crypt:3  | Entered Level 3 of the Crypt
 49513 | Crypt:3  | Found an ancient bone altar of Kikubaaqudgha.
 49538 | Crypt:3  | Noticed Boris
 49543 | Crypt:3  | Killed Boris
 49558 | Crypt:3  | Noticed Mennas
 49605 | Crypt:3  | Killed Mennas
 49618 | Crypt:3  | Your ally Mennas died
 49865 | Crypt:3  | Identified the +4 morningstar of Qazlal, Imbibing {venom,
                  | rF++}
 49926 | Crypt:3  | Found a staircase to the Tomb.
 49930 | Crypt:3  | Found the +7 great mace "Undeadhunter" {deathbane, rN+}
 50249 | Tomb:1   | Entered Level 1 of the Tomb of the Ancients
 50644 | Tomb:1   | Identified the +11 quarterstaff "Kiumm" {flame, +Blink rF+
                  | rC- Will+}
 50737 | Tomb:1   | Noticed a royal mummy
 50742 | Tomb:1   | Killed a royal mummy
 50746 | Tomb:1   | Noticed a royal mummy
 50754 | Tomb:1   | Killed a royal mummy
 50996 | Tomb:1   | Identified the ring "Udghyph" {Will+ rCorr Dex+6 SInv}
 51134 | Tomb:1   | Identified the amulet "Ronubb" {Acrobat Fly rF- Slay+3}
 51538 | Vaults:5 | Entered Level 5 of the Vaults
 51545 | Vaults:5 | Reached XP level 24. HP: 81/218 MP: 38/38
 51850 | Vaults:5 | Noticed an ancient lich
 52016 | Vaults:5 | Identified the ring "Wiffid" {+Blink Fly rPois rN++ MP-9}
 52052 | Vaults:5 | Killed an ancient lich
 52076 | Vaults:5 | Identified the +6 morningstar "Devesov" {holy, *Corrode
                  | rN++ Int+6}
 52142 | Vaults:5 | Got a silver rune of Zot
 52327 | Vaults:5 | Identified the +3 whip of the Scavenger {heavy, Will++
                  | Int+2 Dex+4}
 52453 | Vaults:5 | Noticed an ancient lich
 52466 | Vaults:5 | Killed an ancient lich
 52723 | Vaults:5 | Got Cij Xiuv's Elucidation of Injury and Peregrination
 53068 | Vaults:5 | Identified the +8 spear "Laap" {freeze, rElec Int-5 Dex+4}
 53088 | Vaults:5 | Identified the +1 hand axe of Fundamental Breach {drain,
                  | *Noise Will+ Str+6}
 53293 | Vaults:5 | Got the Annotations on Rime and Movement
 53702 | Zot:1    | Entered Level 1 of the Realm of Zot
 53973 | Depths:4 | Reached XP level 25. HP: 148/228 MP: 39/39
 54398 | Zot:1    | Noticed an orb of fire
 54398 | Zot:1    | Lost mutation: Your mind is acute. (Int +4, Str/Dex -1) [an
                  | orb of fire]
 54409 | Zot:1    | Killed an orb of fire
 54520 | Zot:1    | Found the +4 dragonskin cloak
 54520 | Zot:1    | Noticed Tiamat
 54870 | Zot:1    | Killed Tiamat
 54870 | Zot:1    | Charmed Tiamat
 55680 | Zot:2    | You are sucked into a shaft and drop 2 floors!
 55731 | Zot:3    | Noticed a shard shrike
 55731 | Zot:3    | Noticed a juggernaut
 55731 | Zot:3    | Noticed a shard shrike
 56635 | Zot:4    | Identified the +2 robe of Gaxtick {Dex+3}
 56899 | Zot:4    | Found an opulent altar of Gozag.
 57196 | Zot:2    | Identified the +4 orcbow "Wuaghar" {drain, rC- Will+ Str+3
                  | Int+6}
 58307 | Depths:2 | Voluntarily entered the Abyss.
 58307 | Abyss:3  | Found a corrupted altar of Lugonu.
 58331 | Abyss:3  | Found a corrupted altar of Lugonu.
 58334 | Abyss:3  | Found a corrupted altar of Lugonu.
 58478 | Abyss:3  | Noticed a dread lich
 58490 | Abyss:3  | Killed a dread lich
 58520 | Abyss:3  | Paralysed by accursed screaming for 1 turns
 58619 | Abyss:3  | Gained mutation: Armour fits poorly on your strangely
                  | shaped body. [a neqoxec]
 58628 | Abyss:3  | Lost mutation: Armour fits poorly on your strangely shaped
                  | body. [potion of mutation]
 58628 | Abyss:3  | Lost mutation: You have sharp toenails. [potion of
                  | mutation]
 58628 | Abyss:3  | Lost mutation: You passively map a small area around you.
                  | [potion of mutation]
 58628 | Abyss:3  | Gained mutation: Potions are less effective at restoring
                  | your health. [potion of mutation]
 58628 | Abyss:3  | Gained mutation: You are clumsy. (Dex -2) [potion of
                  | mutation]
 58628 | Abyss:3  | Gained mutation: You passively dampen the noise of your
                  | surroundings. [potion of mutation]
 58629 | Abyss:3  | Lost mutation: Your natural rate of healing is unusually
                  | fast. [potion of mutation]
 58629 | Abyss:3  | Lost mutation: You passively dampen the noise of your
                  | surroundings. [potion of mutation]
 58629 | Abyss:3  | Lost mutation: Potions are less effective at restoring your
                  | health. [potion of mutation]
 58629 | Abyss:3  | Gained mutation: Armour fits poorly on your strangely
                  | shaped body. [potion of mutation]
 58630 | Abyss:3  | Lost mutation: You are clumsy. (Dex -2) [potion of
                  | mutation]
 58630 | Abyss:3  | Lost mutation: Armour fits poorly on your strangely shaped
                  | body. [potion of mutation]
 58630 | Abyss:3  | Gained mutation: Your body sometimes deteriorates upon
                  | taking damage. [potion of mutation]
 58630 | Abyss:3  | Gained mutation: Your mind is acute. (Int +4, Str/Dex -1)
                  | [potion of mutation]
 58631 | Abyss:3  | Lost mutation: Your mind is acute. (Int +4, Str/Dex -1)
                  | [potion of mutation]
 58631 | Abyss:3  | Lost mutation: Your body sometimes deteriorates upon taking
                  | damage. [potion of mutation]
 58631 | Abyss:3  | Gained mutation: You are vulnerable to cold. (rC-) [potion
                  | of mutation]
 58631 | Abyss:3  | Gained mutation: You expend magic power (3 MP) to
                  | strengthen your wands. [potion of mutation]
 58631 | Abyss:3  | Lost mutation: You expend magic power (3 MP) to strengthen
                  | your wands. [potion of mutation]
 58632 | Abyss:3  | Lost mutation: You are vulnerable to cold. (rC-) [potion of
                  | mutation]
 58632 | Abyss:3  | Gained mutation: Your system is resistant to poisons.
                  | (rPois) [potion of mutation]
 58632 | Abyss:3  | Gained mutation: You have sharp toenails. [potion of
                  | mutation]
 58714 | Abyss:3  | Gained mutation: You are completely covered in molten
                  | scales. (AC +4, rF+) [demonic ancestry]
 58714 | Abyss:3  | Reached XP level 26. HP: 193/240 MP: 39/39
 58899 | Abyss:3  | Identified the +0 tower shield "Viesez" {rC+}
 59445 | Depths:2 | Escaped the Abyss
 59448 | Depths:2 | Voluntarily entered the Abyss.
 59606 | Abyss:3  | Reached skill level 27 in Fighting
 59612 | Abyss:3  | Noticed a juggernaut
 59618 | Abyss:3  | Killed a juggernaut
 59638 | Abyss:3  | Got an abyssal rune of Zot
 59720 | Depths:2 | Escaped the Abyss
 59766 | Pan      | Entered Pandemonium
 59935 | Pan      | Noticed Nynnozab the pandemonium lord
 59953 | Pan      | Killed Nynnozab the pandemonium lord
 59974 | Pan      | Identified the ring of Descent {rElec AC+4}
 60654 | Pan      | Noticed Aryvyi the pandemonium lord
 60681 | Pan      | Killed Aryvyi the pandemonium lord
 61570 | Pan      | Reached XP level 27. HP: 193/249 MP: 40/40
 61688 | Pan      | Identified the ring "Ycura" {AC+4 Str+4}
 61688 | Pan      | Noticed a seraph
 61720 | Pan      | Killed a seraph
 61750 | Pan      | Reached skill level 27 in Invocations
 61785 | Pan      | Identified the ring of the Ferocious God {rN+ Will+ Stlth+}
 61788 | Pan      | Got a demonic rune of Zot
 61791 | Pan      | Identified the +0 robe of Polytheism {*Slow rElec Dex+5}
 61792 | Pan      | Identified the +1 ring mail of Broken Taboos {rElec rF-
                  | Int+4}
 63583 | Pan      | Noticed Bibbasuh the pandemonium lord
 63600 | Pan      | Killed Bibbasuh the pandemonium lord
 63759 | Pan      | Identified the scarf of Spaghetti {repulsion, rC+ rN+}
 64047 | Pan      | Noticed Qyahuu the pandemonium lord
 64407 | Pan      | Noticed Xaot the pandemonium lord
 64421 | Pan      | Killed Xaot the pandemonium lord
 64470 | Pan      | Entered the realm of Gloorx Vloq.
 64770 | Pan      | Found an exit through the horrors of the Abyss.
 65038 | Pan      | Reached skill level 5 in Evocations
 65064 | Pan      | Noticed Gloorx Vloq
 65325 | Pan      | Killed Gloorx Vloq
 65388 | Pan      | Got a dark rune of Zot
 65504 | Pan      | Noticed Ciach the pandemonium lord
 65520 | Pan      | Killed Ciach the pandemonium lord
 65874 | Pan      | Entered the realm of Lom Lobon.
 66043 | Pan      | Found an exit through the horrors of the Abyss.
 66635 | Pan      | Noticed Lom Lobon
 66663 | Pan      | Your ally Tiamat died
 66664 | Pan      | Killed Lom Lobon
 66681 | Pan      | Got a magical rune of Zot
 66867 | Pan      | Entered the realm of Mnoleg.
 66873 | Pan      | Paralysed by a floating eye for 4 turns
 66883 | Pan      | Noticed Mnoleg
 66886 | Pan      | Gained mutation: You occasionally shout uncontrollably at
                  | your foes. [a cacodemon]
 66895 | Pan      | Paralysed by a floating eye for 3 turns
 66904 | Pan      | Paralysed by a floating eye for 3 turns
 66915 | Pan      | Paralysed by a floating eye for 2 turns
 66919 | Pan      | Paralysed by a floating eye for 3 turns
 66945 | Pan      | Gained mutation: Your spells are a little harder to cast,
                  | but a little more powerful. [a cacodemon]
 67037 | Pan      | Paralysed by a floating eye for 4 turns
 67058 | Pan      | Gained mutation: You are dopey. (Int -2) [a neqoxec]
 67058 | Pan      | Paralysed by a floating eye for 2 turns
 67063 | Pan      | Gained mutation: Armour fits poorly on your strangely
                  | shaped body. [a cacodemon]
 67072 | Pan      | Paralysed by a floating eye for 4 turns
 67088 | Pan      | Lost intelligence.
 67306 | Pan      | Got a glowing rune of Zot
 67426 | Pan      | Entered the realm of Cerebov.
 67428 | Pan      | Found an exit through the horrors of the Abyss.
 68060 | Pan      | Found the +6 sword of Cerebov {flame}
 68060 | Pan      | Noticed Cerebov
 68085 | Pan      | Killed Cerebov
 68176 | Pan      | Identified the +2 scimitar "Agoiddol" {drain, Str+2}
 68280 | Pan      | Identified the +2 ring mail "Ifrotohoqua" {rF+}
 68346 | Pan      | Got a fiery rune of Zot
 68376 | Pan      | Identified the ring of Notroner {rElec Int+2 Slay+4}
 68382 | Pan      | Identified the ring of Odacha {*Corrode +Blink rC+ rN++}
 68387 | Pan      | Identified the +3 glaive of the Sage {flame, rC++ rCorr
                  | Dex-2}
 68508 | Depths:2 | Escaped Pandemonium
 68551 | Hell     | Entered the Vestibule of Hell
 68551 | Hell     | Noticed Geryon
 68619 | Hell     | Found a gateway to the freezing wastes of Cocytus.
 68741 | Hell     | Found a gateway to the decaying netherworld of Tartarus.
 68893 | Hell     | Killed Geryon
 68893 | Hell     | Charmed Geryon
 69112 | Hell     | Found a gateway to the ashen valley of Gehenna.
 69262 | Hell     | Found a gateway to the Iron City of Dis.
 69325 | Geh:1    | Entered Level 1 of Gehenna
 69813 | Geh:2    | Reached skill level 1 in Translocations
 70143 | Geh:3    | Noticed an ancient lich
 70198 | Geh:3    | Killed an ancient lich
 70748 | Geh:5    | Reached skill level 10 in Evocations
 71062 | Geh:6    | Your ally Geryon died
 71332 | Geh:7    | Entered Level 7 of Gehenna
 71427 | Geh:7    | Reached skill level 5 in Translocations
 71782 | Geh:7    | Noticed the Serpent of Hell
 71796 | Geh:7    | Killed the Serpent of Hell
 71796 | Geh:7    | Charmed the Serpent of Hell
 72461 | Geh:7    | Found the ring of the Mage {Wiz Archmagi}
 72527 | Geh:7    | Found the +13 sceptre of Asmodeus
 72527 | Geh:7    | Noticed Asmodeus
 72546 | Geh:7    | Killed Asmodeus
 72546 | Geh:7    | Charmed Asmodeus
 72554 | Geh:7    | Identified the +9 hand axe of Ytzui {freeze, *Slow rPois
                  | rN+ Int+2}
 72554 | Geh:7    | Identified the +8 ice dragon scales "Ucuol" {rF- rC++
                  | Dex+4}
 72554 | Geh:7    | Identified the ring of Miuhojus {rC+ Str+6 Dex+2}
 72617 | Geh:7    | Identified the +3 ice dragon scales "Tieng" {rF- rC++
                  | Dex+3}
 72644 | Geh:7    | Got an obsidian rune of Zot
 72666 | Geh:7    | Identified the +4 sling of Righteous Anger {elec, rElec rC+
                  | MP+9 Int-2}
 72957 | Geh:7    | Upgraded the game from 0.31-a0-691-g409c26aa35 to
                  | 0.31-a0-700-gf13585253f
 73323 | Zot:5    | Entered Level 5 of the Realm of Zot
 73651 | Zot:5    | Identified the +8 morningstar of False Accusations {speed,
                  | rCorr Dex+4}
 73770 | Zot:5    | Noticed an orb of fire
 73776 | Zot:5    | Noticed an orb of fire
 73780 | Zot:5    | Noticed an ancient lich
 73781 | Zot:5    | Killed an orb of fire
 73784 | Zot:5    | Noticed an ancient lich
 73790 | Zot:5    | Killed an orb of fire
 73798 | Zot:5    | Killed an ancient lich
 73813 | Zot:5    | Noticed an orb of fire
 73815 | Zot:5    | Noticed an orb of fire
 73822 | Zot:5    | Killed an orb of fire
 74079 | Zot:5    | Gained mutation: You are vulnerable to heat. (rF-) [an orb
                  | of fire]
 74083 | Zot:5    | Killed an orb of fire
 74086 | Zot:5    | Lost mutation: You are vulnerable to heat. (rF-) [potion of
                  | mutation]
 74086 | Zot:5    | Lost mutation: You have sharp toenails. [potion of
                  | mutation]
 74086 | Zot:5    | Lost mutation: Armour fits poorly on your strangely shaped
                  | body. [potion of mutation]
 74086 | Zot:5    | Gained mutation: You expend magic power (3 MP) to
                  | strengthen your wands. [potion of mutation]
 74125 | Zot:5    | Killed an ancient lich
 74128 | Zot:5    | Noticed a dread lich
 74131 | Zot:5    | Killed a dread lich
 74133 | Zot:5    | Noticed an ancient lich
 74135 | Zot:5    | Killed an ancient lich
 74396 | Zot:5    | Noticed an orb of fire
 74406 | Zot:5    | Killed an orb of fire
 74559 | Zot:5    | Got the Orb of Zot
 74597 | Zot:5    | Noticed Siguirr the pandemonium lord
 74606 | Zot:5    | Killed Siguirr the pandemonium lord
 74819 | Depths:2 | Noticed a seraph
 74987 | D:12     | Reached skill level 10 in Translocations
 75102 | D:8      | Noticed Diguu the pandemonium lord
 75113 | D:8      | Killed Diguu the pandemonium lord
 75357 | D:$      | Escaped with the Orb!

Illustrated notes

Levels and vault maps discovered:
D:1:      evilmike_arrival_fibonacci_small, layout_basic,
          shapermc_ecumenical_altar_ellora, chequers_serial_rivers_room_b
D:2:      layout_loops_cross, basic_altar, serial_bayou_pond_d, uniq_robin
D:3:      layout_basic, minivault_23
D:4:      layout_cave_pods, mainiacjoe_overflow_concentric_impassable,
          serial_column_ruins, column_ruins_hut_pillars,
          column_ruins_open_large, column_ruins_open_medium,
          column_ruins_open_tiny, column_ruins_open_tiny,
          column_ruins_open_tiny, column_ruins_grid_1,
          column_ruins_open_medium_water
D:5:      layout_loops_ring, gammafunk_temple_overflow_claw, uniq_menkaure
D:6:      layout_basic, nicolae_overflow_hidden_temple,
          minmay_temple_entry_ruins, serial_bayou_pond_a,
          chequers_serial_rivers_small_a, nrook_mini_vaults,
          kennysheep_another_room, uniq_pikel
D:7:      layout_loops_ring, nicolae_ru_awakened_eye, nicolae_overflow_squiral,
          nicolae_ossuary_entry_catacombs, doesnt_shop_hydraphobe,
          uniq_crazy_yiuf_cottage
D:8:      layout_basic, vehumet_crystals
D:9:      layout_basic, serial_ice, serial_ice_l, serial_ice_e, serial_ice_f,
          serial_ice_c, kennysheep_nub, uniq_maggie
D:10:     layout_gridville, david_orc_3, enter_bailey_2,
          nicolae_trove_entry_path_of_doom
D:11:     layout_irregular_city, david_lair_shrubbed, grunt_ministairs_3,
          slow_altar_2, uniq_lodul, uniq_maurice, uniq_fannar
D:12:     layout_rooms, ploomutoo_gammafunk_ghost_potion_laboratory, drop_trap
D:13:     layout_gridville, david_vaults_4
D:14:     layout_irregular_city, fedhas_altar_4, serial_shops, shop, shop
D:15:     grunt_enter_depths_hoard, layout_long_grid, grunt_dithmenos_shadows,
          dreamdust_princess_corridor
Temple:   nicolae_temple_figure_eight
Lair:1:   layout_cave_shapes, grunt_megastairs_4
Lair:2:   layout_chaotic_city, enter_volcano_3, chequers_serial_rivers_small_a,
          forest_entry_grove, uniq_urug
Lair:3:   layout_hall_layers, minmay_shoals_entry_hut,
          nicolae_snake_entry_squirm, special_room [special_room_mythical_zoo],
          serial_bayou_shore_b, grunt_megastairs_2, serial_bayou_shore_b
Lair:4:   beast_lair_carwin_large_1, layout_long_grid, slime_entry_2,
          special_room [special_room_mythical_zoo]
Lair:5:   minmay_lair_end_frog_pond, layout_misc_corridors,
          serial_bayou_shore_a, infiniplex_staircase_pool_2, lemuel_fruit_tree
Shoals:1: layout_shoals
Shoals:2: layout_shoals
Shoals:3: layout_shoals, serial_shops, shop
Shoals:4: shoals_end_simple, layout_shoals, shoals_ilsuiw_ice, uniq_louise,
          uniq_kirke
Snake:1:  layout_cave_pods, serial_shops, nicolae_shop_industrial_runoff,
          nicolae_triple_integral, uniq_aizul
Snake:2:  layout_basic, grunt_ministairs_10
Snake:3:  layout_basic, uniq_nikola
Snake:4:  grunt_snake_rune_pools, layout_misc_corridors
Orc:1:    layout_caves, nicolae_orc_stony_grotto
Orc:2:    st_orc_mages, layout_caves, serial_shops, nicolae_shop_stone
Elf:1:    layout_gridlike, hangedman_elven_crosses_minicolossus, minivault_23,
          uniq_asterion
Elf:2:    nicolae_elf_blades_crystal_corner, layout_loops_cross
Elf:3:    minmay_elf_hall_spiked, layout_loops_cross, serial_shops, shop,
          corexii_leaking_fountain
Vaults:1: biasface_ghost_orc_armoury, ontoclasm_vaults_hangar,
          nicolae_vaults_variable_pillar_hall,
          nicolae_vaults_shipping_containers_6, nicolae_vaults_triangles,
          nicolae_vaults_sealed_display, nicolae_vaults_network_star, v_misc_14,
          nicolae_vaults_diamond_1, vaults_mumra_chevron_long,
          ontoclasm_vaults_loading_screen, layout_vaults_omnicross,
          serial_shops, nicolae_shop_tiny_real_fake_doors
Vaults:2: mu_enter_wizlab_2, ontoclasm_vaults_idyll, vaults_room_hallway,
          nicolae_vaults_weapon_check, nicolae_vaults_stepped_doors,
          ontoclasm_vaults_chip, nicolae_vaults_diamond_1,
          hangedman_vaults_stretched_pinwheel, nicolae_vaults_tetromino_T_1,
          layout_vaults_omnigrid, serial_shops, bzr_entry_water
Vaults:3: v_misc_26, nicolae_vaults_circle_grid_a, nicolae_vaults_tangram_2,
          nicolae_vaults_sightless_eye, hangedman_vaults_stream, v_pattern_2,
          nicolae_vaults_gold_heap, v_misc_2, nicolae_vaults_know_your_exits,
          minmay_crypt_entry_simple_corners, v_misc_32,
          nicolae_vaults_little_squares_3, nicolae_vaults_storage_room_statues,
          layout_vaults_maze_bifur, serial_shops, shop,
          nicolae_shop_gibbet_a_chance, shop, shop
Vaults:4: ontoclasm_vaults_misaligned, v_misc_2, v_misc_1,
          ontoclasm_vaults_ligature, hangedman_vaults_capsules,
          nicolae_vaults_diagonal_hallway_9, ontoclasm_vaults_gateway,
          ontoclasm_vaults_twist, vaults_room_mumra_shop_pool,
          nicolae_vaults_trapezoid_lopsided_1, layout_vaults_chaotic_city,
          uniq_zenata
Vaults:5
Crypt:1:  layout_chaotic_city, roderic_lattice_octagonal_star,
          grunt_crypt_arrival_webbed, uniq_khufu, uniq_boris, uniq_grunn
Crypt:2:  layout_regular_city, serial_glass, glass_columns_c, glass_columns_b,
          uniq_jory
Crypt:3:  grunt_crypt_end_deaths_head, uniq_margery, uniq_mennas
Tomb:1
Depths:1: layout_cross, hell_entry, chequers_serial_rivers_large_b,
          minmay_hollow_rounded_squares
Depths:2: giant_chief_lemuel, layout_cave_shapes, rand_demon_pan_entry_1,
          abyss_entry, lemuel_statue_altar, serial_shops, bzr_entry_road,
          grunt_metal_band
Depths:3: minmay_central_circle, layout_gridlike, abyss_entry,
          good_gods_mini_temple, hell_entry, serial_shops, shop, uniq_josephina,
          uniq_frederick
Depths:4: grunt_zot_entry_pinwheel, layout_cave_shapes, enter_ziggurat_c,
          serial_shops, shop, minmay_misc_feat_iff, hell_entry
Hell
Geh:1:    layout_gehenna_pools_basic
Geh:2:    layout_gehenna_lava_caves
Geh:3:    layout_gehenna_lava_caves
Geh:4:    layout_gehenna_pools_basic
Geh:5:    layout_gehenna_pools_basic
Geh:6:    layout_gehenna_lava_caves
Geh:7:    geh_mu
Zot:1:    layout_cellular_growth, st_stairs_6, uniq_tiamat
Zot:2:    layout_basic
Zot:3:    layout_basic, hellmonk_formless_pools
Zot:4:    hangedman_orp_of_zott, layout_cathedral_of_symmetry
Zot:5:    layout_misc_corridors

Skill      XL: |  1  2  3  4  5  6  7  8  9 10 11 12 13 14 15 16 17 18 19 20 21 22 23 24 25 26 27 |
---------------+----------------------------------------------------------------------------------+-----
Armour         | 3 4 5 6 7 8 9 11 12 13 14 15 16 17 18 22 | 22.4
Polearms       | 2 3 4 6 8 9 10 11 12 13 14 15 16 17 18 19 23 | 23.6
Fighting       | 4 5 6 7 8 9 11 12 13 14 15 16 17 18 19 20 22 23 24 25 26 27 | 27.0
Shields        | 3 4 5 6 7 8 9 10 11 13 14 15 16 17 18 19 20 21 26 | 26.6
Invocations    | 1 4 6 8 10 12 14 15 17 18 19 20 21 22 23 24 25 26 27 | 27.0
Evocations     | 1 12 | 12.2
Translocations | 10 | 10.2

Action                     |  1- 3 |  4- 6 |  7- 9 | 10-12 | 13-15 | 16-18 | 19-21 | 22-24 | 25-27 || total
---------------------------+-------+-------+-------+-------+-------+-------+-------+-------+-------++-------
  Melee: Trident           |   143 |   199 |   443 |   237 |       |       |       |       |       ||  1022
         Tailslap          |       |       |    83 |    92 |   183 |   216 |   284 |   268 |   670 ||  1796
         Spear             |       |       |       |   523 |  1176 |  1104 |   335 |       |       ||  3138
         Kick              |       |       |       |       |   121 |       |       |       |       ||   121
         Demon trident     |       |       |       |       |       |   133 |  1052 |  1258 |  3128 ||  5571
 Invoke: Dark Bargain      |       |       |       |     3 |     8 |    19 |    18 |     6 |    42 ||    96
         Recall Undead Har |       |       |       |     1 |     5 |     9 |     8 |     4 |    33 ||    60
         Bind Soul         |       |       |       |     1 |     3 |     4 |     3 |       |     5 ||    16
         Drain Life        |       |       |       |       |     4 |     6 |     2 |     3 |     2 ||    17
Ability: Hurl Damnation    |       |       |       |       |       |       |       |    29 |     9 ||    38
  Evoke: Wand              |       |     2 |     3 |     2 |       |       |     1 |     1 |       ||     9
         Lightning rod     |       |       |       |     1 |     1 |       |       |       |       ||     2
         Phial of floods   |       |       |       |       |       |       |     1 |       |       ||     1
    Use: Scroll            |     4 |    10 |     6 |     7 |     6 |     9 |     8 |    16 |    15 ||    81
         Potion            |     1 |       |     2 |     3 |     1 |       |     1 |     2 |    15 ||    25
   Stab: Distracted        |       |       |     1 |     7 |    19 |    17 |    41 |    44 |   125 ||   254
         Sleeping          |       |       |       |       |     6 |       |       |       |       ||     6
         Paralysed         |       |       |       |       |       |     2 |     1 |       |       ||     3
         Petrified         |       |       |       |       |       |       |     3 |       |       ||     3
         Confused          |       |       |       |       |       |       |       |       |     1 ||     1
 Armour: Scale mail        |   112 |       |       |       |       |       |       |       |       ||   112
         Chain mail        |       |   121 |    72 |       |       |       |       |       |       ||   193
         Plate armour      |       |       |   274 |   422 |   649 |   921 |   808 |   572 |  1446 ||  5092
  Dodge: Dodged            |    75 |    63 |    88 |   151 |   108 |   172 |   153 |   113 |   241 ||  1164
  Block: Buckler           |    22 |    38 |    90 |   121 |       |       |       |       |       ||   271
         Kite shield       |       |       |       |    54 |   334 |   232 |       |       |       ||   620
         Tower shield      |       |       |       |       |       |   336 |   785 |   813 |  2295 ||  4229

Table legend: (Time is in decaauts)
 A = Elapsed time spent in this place.
 B = Non-inter-level travel time spent in this place.
 C = Inter-level travel time spent in this place.
 D = Time resting spent in this place.
 E = Time spent auto-exploring this place.
 F = Levels seen in this place.
 G = Mean time per level.
                   A        B        C        D        E       F      G
               +--------+--------+--------+--------+--------+-----+--------+
         Total |  72850 |  67925 |   4925 |   8637 |  38159 |  83 |  877.7 |
       Dungeon |  15959 |  14436 |   1523 |   1508 |   9784 |  15 | 1063.9 |
        Temple |    120 |    120 |      0 |      0 |      0 |   1 |  120.0 |
          Lair |   4389 |   3904 |    485 |    187 |   2549 |   5 |  877.8 |
        Shoals |   3802 |   3698 |    104 |    145 |   2524 |   4 |  950.5 |
     Snake Pit |   4791 |   4583 |    208 |    783 |   2747 |   4 | 1197.8 |
  Orcish Mines |   1355 |   1248 |    107 |    152 |    853 |   2 |  677.5 |
   Elven Halls |   4063 |   3857 |    206 |    816 |   1593 |   3 | 1354.3 |
        Vaults |   7413 |   6729 |    684 |    832 |   4012 |   5 | 1482.6 |
         Crypt |   2242 |   2035 |    207 |     33 |   1369 |   3 |  747.3 |
          Tomb |   1046 |    952 |     94 |     30 |    448 |   1 | 1046.0 |
        Depths |   5325 |   4759 |    566 |   1162 |   2334 |   4 | 1331.2 |
          Hell |    845 |    745 |    100 |      0 |    310 |   1 |  845.0 |
       Gehenna |   3490 |   3328 |    162 |    673 |   1748 |   7 |  498.6 |
           Zot |   5315 |   4841 |    474 |   1136 |   2351 |   5 | 1063.0 |
         Abyss |   1605 |   1605 |      0 |     78 |    556 |   4 |  401.2 |
   Pandemonium |   8439 |   8439 |      0 |    379 |   4332 |  14 |  602.8 |
        Bazaar |     65 |     65 |      0 |      0 |     48 |   1 |   65.0 |
       Ossuary |    874 |    874 |      0 |    308 |    263 |   1 |  874.0 |
        Bailey |    500 |    500 |      0 |    194 |    134 |   1 |  500.0 |
       Volcano |    491 |    491 |      0 |    177 |    165 |   1 |  491.0 |
        Wizlab |    713 |    713 |      0 |     43 |     35 |   1 |  713.0 |
               +--------+--------+--------+--------+--------+-----+--------+

Top non-repeatable levels by time:
Vaults:4: 1838 daAuts
Depths:2: 1807 daAuts
   Zot:4: 1723 daAuts
Vaults:1: 1642 daAuts
 Snake:1: 1580 daAuts
   Geh:7: 1554 daAuts
     D:6: 1515 daAuts
 Abyss:3: 1497 daAuts
    D:15: 1482 daAuts
Depths:4: 1475 daAuts
   Elf:1: 1472 daAuts
Vaults:5: 1457 daAuts
   Elf:2: 1431 daAuts
Vaults:2: 1385 daAuts
     D:5: 1363 daAuts
